 Dungeon Crawl Stone Soup version 0.30.0-29-ga12c61a403 (webtiles) character file.

Game seed: 4388499707182324784

91 qw the Chopper (level 4, -2/30 HPs)
             Began as a Gargoyle Fighter on June 3, 2023.
             Killed by divine providence
             ... invoked by an orc priest
              (12 damage)
             ... on level 3 of the Dungeon.
             The game lasted 00:00:59 (2452 turns).

qw the Chopper (Gargoyle Fighter)                   Turns: 2452, Time: 00:00:59

Health: -2/30      AC: 11    Str: 20    XL:     4   Next: 59%
Magic:  4/4        EV:  9    Int: 13    God:
Gold:   72         SH:  4    Dex:  8    Spells: 3/3 levels left

rFire   + . .        Y - +0 war axe
rCold   . . .        c - +0 buckler
rNeg    + . .        b - +0 scale mail
rPois   inf          (no helmet)
rElec   +            (no cloak)
rCorr   .            j - +0 pair of gloves
SInv    .            (no boots)
Will    .....        (no amulet) Stlth
                     k - ring of protection from fire
HPRegen 0.25/turn    (no ring)
MPRegen 0.09/turn

%: no passive effects
@: no status effects
A: sickness immunity, AC +3, negative energy resistance 1, electricity
resistance, torment resistance 1, petrification resistance, clever 1, robust 1
a: no special abilities


You were on level 3 of the Dungeon.
You visited 1 branch of the dungeon, and saw 3 of its levels.

You collected 72 gold pieces.


Innate Abilities, Weirdness & Mutations

You are immune to sickness and miasma.
Your stone body is resilient. (AC +3)
You are immune to poison.
You resist negative energy. (rN+)
You are resistant to electric shocks. (rElec)
You are resistant to unholy torment.
You are immune to petrification.
Your mind is acute. (Int +4, Str/Dex -1)
You are robust. (+10% HP)


   Skills:
 - Level 3.2 Fighting
 + Level 4.2 Axes
 - Level 3.2 Armour
 - Level 3.2 Shields


You had 3 spell levels left.
You didn't know any spells.
Your spell library was empty.

Inventory:

Hand Weapons
 o - a +0 flail
 Y - a +0 war axe (weapon)
Armour
 b - a +0 scale mail (worn)
 c - a +0 buckler (worn)
 j - a +0 pair of gloves (worn)
 n - a +0 chain mail
Jewellery
 k - a ring of protection from fire (left hand)
 l - a ring of wizardry
Scrolls
 a - a scroll of teleportation
 i - 2 scrolls of identify
Potions
 d - 2 potions of might
 e - 2 potions of curing
 f - a potion of mutation
 h - a potion of heal wounds
 m - a potion of brilliance {unknown}

Dungeon Overview and Level Annotations

Branches:
Dungeon (3/15)

Altars:

Shops:
D:1 =


Message History

2 orcs come into view.
The orc shouts!
You hear a shout!
An orc wizard comes into view. It is wielding a +0 dagger.
The orc moves out of view.
You hear a shout!
2441 ||| Stepping ~*~*~tactically~*~*~ (hiding).
You hit the orc but do no damage. The orc hits you but does no damage. x2
You slash the orc!
You kill the orc!
Things that are here:
a +0 short sword; a +0 ring mail; an orc corpse The orc wizard casts a spell at you.
The puff of flame hits you but does no damage.
Enter note:
Enter note: You barely miss the orc wizard.
The orc wizard hits you but does no damage.
You barely miss the orc wizard.
A goblin comes into view. It is wielding a +0 dagger.
The orc wizard hits you with a +0 dagger.
The orc wizard hits you but does no damage.
The goblin moves out of view.
You closely miss the orc wizard.
The orc priest shouts!
The orc wizard hits you with a +0 dagger.
You barely miss the orc wizard.
The orc wizard gestures at you while chanting.
The puff of flame hits you. You resist.
You hit the orc wizard but do no damage.
The orc priest mumbles some strange prayers to Beogh against you.
Beogh smites you!
The orc wizard hits you but does no damage.
The orc wizard gestures at you while chanting.
The magic dart hits you.
You hit the orc wizard.
The orc wizard is lightly wounded.
The orc priest mumbles some strange prayers to Beogh against you.
Beogh smites you!
You die...

#.# #.# #.# #.#
#.# ##.# ##..####
#...@oo#
#######.)##oo....
.....<...# .....
#######.## ....
#.# ... #.# ..
#.# # #.#
#######.#


You could see an orc priest, an orc wizard and 2 orcs.

Vanquished Creatures
  3 adders
  3 dart slugs
  2 orcs (D:3)
  3 endoplasms
  2 giant cockroaches (D:1)
  5 goblins
  8 hobgoblins
  2 jackals (D:1)
  5 kobolds
  3 quokkas
  5 ball pythons
  5 bats
  3 frilled lizards
  2 rats
51 creatures vanquished.

Notes
Turn   | Place    | Note
-------+----------+-------------------------------------------
     0 | D:1      | qw the Gargoyle Fighter began the quest for the Orb.
     0 | D:1      | Reached XP level 1. HP: 14/14 MP: 1/1
     0 | D:1      | 0 ||| qw: Version: 0.2-a-103-g5a998e5
     0 | D:1      | 0 ||| qw: Game counter: 1048
     0 | D:1      | 0 ||| qw: Always use a shield: true
     0 | D:1      | 0 ||| qw: God list: Okawaru
     0 | D:1      | 0 ||| qw: Allow faded altars: false
     0 | D:1      | 0 ||| qw: Do Orc after D:15 true
     0 | D:1      | 0 ||| qw: Do second Lair branch before Depths: true
     0 | D:1      | 0 ||| qw: Lair rune preference: random
     0 | D:1      | 0 ||| qw: Plans: Normal, Zot:1-4, Slime:5, God:TSO, Crypt,
                  | Tomb, Pan, Hells, Abyss, Win
     0 | D:1      | 0 ||| PLANNING D:1-11
    96 | D:1      | Reached skill level 2 in Axes
   251 | D:1      | 251 ||| Stepping ~*~*~tactically~*~*~ (stealth).
   252 | D:1      | 252 ||| Stepping ~*~*~tactically~*~*~ (stealth).
   257 | D:1      | Reached XP level 2. HP: 19/19 MP: 2/2
   375 | D:1      | Reached skill level 3 in Axes
   473 | D:1      | Reached XP level 3. HP: 23/23 MP: 3/3
   690 | D:1      | Found Harur's Jewellery Boutique.
   699 | D:1      | 699 ||| SHOPLISTING +4 ring of slaying (858 gold, have 22).
   699 | D:1      | 699 ||| SHOPLISTING amulet of Gaodghux {Acrobat rPois rCorr
                  | Str+5 Dex-3} (561 gold, have 22).
   699 | D:1      | 699 ||| SHOPLISTING amulet of guardian spirit (330 gold,
                  | have 22).
   699 | D:1      | 699 ||| SHOPLISTING amulet of regeneration (330 gold, have
                  | 22).
   699 | D:1      | 699 ||| SHOPLISTING ring of fire (275 gold, have 22).
   699 | D:1      | 699 ||| SHOPLISTING ring of positive energy (220 gold, have
                  | 22).
   699 | D:1      | 699 ||| SHOPLISTING ring of protection from cold (275 gold,
                  | have 22).
   699 | D:1      | 699 ||| SHOPLISTING ring of willpower (275 gold, have 22).
  1113 | D:1      | 1113 ||| READING 2 scrolls labelled JUPROR WEKOA.
  1114 | D:1      | 1114 ||| READING 2 scrolls labelled TYOSSO VAWKOY.
  1115 | D:1      | 1115 ||| DRINKING 2 blue potions.
  1116 | D:1      | 1116 ||| DROPPING scroll of vulnerability.
  1478 | D:2      | 1478 ||| Stepping ~*~*~tactically~*~*~ (stealth).
  1483 | D:2      | 1483 ||| Stepping ~*~*~tactically~*~*~ (stealth).
  1488 | D:2      | 1488 ||| Stepping ~*~*~tactically~*~*~ (stealth).
  1489 | D:2      | 1489 ||| Stepping ~*~*~tactically~*~*~ (stealth).
  1528 | D:2      | Reached XP level 4. HP: 28/28 MP: 4/4
  1947 | D:2      | 1947 ||| Stepping ~*~*~tactically~*~*~ (stealth).
  2049 | D:2      | 2049 ||| Stepping ~*~*~tactically~*~*~ (hiding).
  2055 | D:2      | Reached skill level 4 in Axes
  2234 | D:2      | 2234 ||| UPGRADING to +0 pair of gloves.
  2239 | D:2      | 2239 ||| UPGRADING to ring of protection from fire.
  2240 | D:2      | 2240 ||| READING 2 scrolls labelled IGIASIMASH.
  2243 | D:2      | 2243 ||| DRINKING 2 fuming ruby potions.
  2243 | D:2      | Gained mutation: You are robust. (+10% HP) [potion of
                  | mutation]
  2243 | D:2      | Gained mutation: Your mind is acute. (Int +4, Str/Dex -1)
                  | [potion of mutation]
  2248 | D:2      | 2248 ||| READING 3 scrolls of identify.
  2248 | D:2      | 2248 ||| IDENTIFYING smoky black potion
  2335 | D:3      | 2335 ||| Stepping ~*~*~tactically~*~*~ (stealth).
  2388 | D:3      | 2388 ||| DROPPING +0 club.
  2439 | D:3      | 2439 ||| Stepping ~*~*~tactically~*~*~ (stealth).
  2441 | D:3      | 2441 ||| Stepping ~*~*~tactically~*~*~ (hiding).
  2452 | D:3      | Killed from afar by an orc priest

Levels and vault maps discovered:
D:1:      kilobyte_arrival_exit_the_forest, layout_basic, serial_shops,
          nicolae_shop_crystal, serial_bayou_pond_c,
          chequers_serial_rivers_micro_b, hangedman_abyss_or_decor_lesser_grid
D:2:      layout_loops_corners, minivault_23, patterned_corridor
D:3:      layout_loops_ring

Skill      XL: |  1  2  3  4 |
---------------+-------------+-----
Axes           | 2 3 4 |  4.2
Fighting       | |  3.2
Armour         | |  3.2
Shields        | |  3.2

Action                     |  1- 3 |  4- 6 || total
---------------------------+-------+-------++-------
  Melee: War axe           |    87 |    51 ||   138
    Use: Scroll            |     2 |     2 ||     4
         Potion            |     1 |     1 ||     2
 Armour: Scale mail        |    38 |    27 ||    65
  Dodge: Dodged            |    46 |    11 ||    57
  Block: Buckler           |    13 |     9 ||    22

Table legend:
 A = Non-vault XP
 B = Vault XP
 C = Vault XP percentage of total XP
 D = Non-vault monster count
 E = Vault monster count
 F = Vault count percentage of total count
                 A         B        C        D         E       F
            +---------+---------+-------+---------+---------+-------
      Total |     131 |       0 |   0.0 |      51 |       0 |   0.0
            +---------+---------+-------+---------+---------+-------
        D:1 |      42 |       0 |   0.0 |      24 |       0 |   0.0
        D:2 |      60 |       0 |   0.0 |      19 |       0 |   0.0
        D:3 |      29 |       0 |   0.0 |       8 |       0 |   0.0
            +---------+---------+-------+---------+---------+-------
